 Dungeon Crawl Stone Soup version 0.19-a0-1058-g5566a1a (webtiles) character file.

1082 Jmtri7 the Sneak (level 8, -7/57 HPs)
             Began as an Octopode Transmuter on Aug 2, 2016.
             Shot with an arrow by a centaur (17 damage)
             ... on level 6 of the Dungeon.
             The game lasted 00:17:13 (7057 turns).

Jmtri7 the Sneak (Octopode Transmuter)              Turns: 7057, Time: 00:17:14

Health: -7/57      AC:  1    Str: 12    XL:     8   Next: 30%
Magic:  11/11      EV: 12    Int: 15    God:
Gold:   141        SH:  3    Dex: 12    Spells: 1 memorised, 10 levels left

rFire  . . .     SeeInvis .       - Unarmed
rCold  . . .     Gourm    .     g - +0 buckler
rNeg   . . .     Faith    .     (helmet restricted)
rPois  .         Spirit   .     u - amulet of magic regeneration
rElec  .         Dismiss  .     y - ring of sustain attributes
rCorr  .         Reflect  .     (no ring)
SustAt +         Harm     .     (no ring)
MR     .....                    (no ring)
Stlth  +++++.....               (no ring)
                                (no ring)
                                (no ring)
                                (no ring)

@: about to teleport, not resistant to hostile enchantments, quite stealthy
A: almost no armour, amphibious, 8 rings, constrict 8, camouflage 1, gelatinous
body 1
a: no special abilities


You were on level 6 of the Dungeon.
You were not hungry.

You visited 1 branch of the dungeon, and saw 6 of its levels.

You collected 276 gold pieces.
You spent 135 gold pieces at shops.

Inventory:

Missiles
 a - 56 arrows
Armour
 g - a +0 buckler (worn)
Jewellery
 u - an amulet of magic regeneration (around mantle)
 y - a ring of sustain attributes (left tentacle)
Scrolls
 d - 12 scrolls of identify
 h - a scroll of teleportation
 k - a scroll of remove curse
 l - a scroll of enchant weapon
 m - 3 scrolls of random uselessness {unknown}
 n - a scroll of fog {unknown}
 p - a scroll of fear {unknown}
 v - a scroll of enchant armour {unknown}
 w - a scroll of amnesia {unknown}
Potions
 e - 2 potions of curing {unknown}
 j - a potion of cure mutation
 o - a potion of berserk rage {unknown}
 q - a potion of flight {unknown}
 t - 2 potions of lignification {unknown}
 x - a potion of ambrosia {unknown}
 z - a potion of haste {unknown}
 A - a potion of invisibility {unknown}
Books
 b - a book of Changes

   Spells                             Type                      Level
   a - Beastly Appendage              Transmutation                1
   b - Sticks to Snakes               Transmutation                2
   c - Spider Form                    Transmutation/Poison         3
   d - Ice Form                       Ice/Transmutation            4
   e - Blade Hands                    Transmutation                5
 B - a book of Annihilations

   Spells                             Type                      Level
   a - Poison Arrow                   Conjuration/Poison           6
   b - Chain Lightning                Conjuration/Air              8
   c - Lehudib's Crystal Spear        Conjuration/Earth            8
   d - Glaciate                       Conjuration/Ice              9
   e - Fire Storm                     Conjuration/Fire             9
Comestibles
 c - 6 bread rations
 f - 4 meat rations
 i - 8 chunks of flesh
 r - 2 beef jerkies
 s - 2 slices of pizza


   Skills:
 + Level 6.2 Fighting
 - Level 2.0 Dodging
 - Level 6.7 Stealth
 + Level 6.0 Unarmed Combat
 - Level 2.0 Spellcasting
 - Level 2.0 Transmutations


You had 10 spell levels left.
You knew the following spells:

 Your Spells              Type           Power        Failure   Level  Hunger
a - Beastly Appendage     Tmut           #.....       17%         1    #......


Dungeon Overview and Level Annotations

Branches:
Dungeon (6/15)
 Temple: D:4-7

Altars:
Dithmenos

Shops:
D:4 *

Annotations:
D:3 Natasha


Innate Abilities, Weirdness & Mutations

You cannot wear most types of armour.
You are amphibious.
You can wear up to eight rings at the same time.
You can use your tentacles to constrict eight enemies at once.
Your skin changes colour to match your surroundings (Stealth+).
Your rubbery body absorbs attacks. (AC +1, EV +1)


Message History

The centaur shoots an arrow.
The arrow completely misses you.
You see here an arrow.
The centaur shoots an arrow.
The arrow hits you!
A quokka comes into view.
You see here an arrow.
The centaur shoots an arrow.
You block the arrow.
You see here an arrow.
A quokka skeleton comes into view.
The centaur shoots an arrow.
The arrow misses you.
Found a smoky emerald potion and a scroll labeled JOQENO ANOAL.
Things that are here:
an arrow; a buckler
Found a scroll of teleportation.
The centaur shoots an arrow.
The arrow hits you!
* * * LOW HITPOINT WARNING * * *
The centaur shoots an arrow.
You block the arrow.
You see here an arrow.
As you read the scroll of teleportation, it crumbles to dust.
You feel strangely unstable.
The centaur shoots an arrow.
The arrow hits you!
You die...

#.....##### ..#
#.....##### #.#
###..))....
#.########.######.
...........#
#?########.###### #.#
#......# #.# #.....(#.
#@# #..(.....
#.########......#.
##.##..c.c(......#
.###.rc#(####.(##.>##
............!#..# .....
###.#.....?..#........>
#...........#cJ##..###
#............... .#
#...........#.... .


You could see a centaur and a quokka.

Vanquished Creatures
  Edmund (D:4)
  2 ogres
  A giant frog (D:6)
  A howler monkey (D:4)
  A crimson imp (D:6)
  A giant frog zombie (D:5)
  4 orc priests
  2 hounds
  A jelly (D:5)
  An iguana (D:4)
  3 orc wizards
  Natasha (twice) (D:3)
  A worker ant (D:5)
  3 gnolls (D:3)
  7 adders
  A shadow imp (D:5)
  An ooze (D:3)
  2 worms
  2 dart slugs (D:2)
  2 giant geckos
  13 orcs
  8 bats
  10 giant cockroaches
  4 goblins
  12 hobgoblins
  11 jackals
  6 kobolds
  7 quokkas
  2 ball pythons
  A giant gecko skeleton (D:4)
  8 giant newts
  A quokka zombie (D:6)
  14 rats
136 creatures vanquished.

Notes
Turn   | Place    | Note
-------+----------+-------------------------------------------
     0 | D:1      | Jmtri7 the Octopode Transmuter began the quest for the Orb.
     0 | D:1      | Reached XP level 1. HP: 13/13 MP: 3/3
    76 | D:1      | Reached skill level 1 in Stealth
   308 | D:1      | Reached XP level 2. HP: 18/18 MP: 5/5
   624 | D:1      | Reached XP level 3. HP: 20/23 MP: 6/6
  1491 | D:2      | Reached XP level 4. HP: 29/29 MP: 7/7
  2054 | D:3      | Reached skill level 5 in Stealth
  2054 | D:3      | Reached XP level 5. HP: 16/35 MP: 8/8
  2313 | D:3      | Noticed Natasha
  2324 | D:3      | Killed Natasha
  2745 | D:3      | Noticed Natasha
  2905 | D:3      | Killed Natasha
  3168 | D:3      | Reached XP level 6. HP: 38/42 MP: 9/9
  3292 | D:3      | Noticed Natasha
  4196 | D:4      | Noticed Edmund
  4205 | D:4      | Reached XP level 7. HP: 36/48 MP: 8/10
  4466 | D:4      | Found Pastudy's Assorted Antiques.
  5031 | D:4      | Killed Edmund
  5238 | D:4      | Bought a glowing filigree amulet for 135 gold pieces
  5995 | D:5      | Entered Level 5 of the Dungeon
  6000 | D:5      | Found a shadowy altar of Dithmenos.
  6004 | D:5      | Reached skill level 5 in Fighting
  6190 | D:5      | Reached skill level 5 in Unarmed Combat
  6408 | D:5      | Reached XP level 8. HP: 32/56 MP: 9/11
  7057 | D:6      | Shot with an arrow by a centaur

Vault maps used:
D:1:      dpeg_arrival_simpleton_c, minmay_rat_gold_closets
D:3:      first_bread, uniq_natasha
D:4:      serial_shops, shop_fountains, uniq_edmund
D:5:      corexii_hall_statues_t, minmay_strange_pillars, grunt_dithmenos_smoke
D:6:      uniq_duvessa

Skill      XL: |  1  2  3  4  5  6  7  8 |
---------------+-------------------------+-----
Stealth        | 1 3 4 5 6 |  6.7
Fighting       | 2 3 4 5 6 |  6.2
Unarmed Combat | 4 5 6 |  6.0
Dodging        | |  2.0
Spellcasting   | |  2.0
Transmutations | |  2.0

Action                   |  1- 3 |  4- 6 |  7- 9 || total
-------------------------+-------+-------+-------++-------
Melee: Unarmed           |    89 |   160 |   125 ||   374
       Constrict         |    21 |    39 |    29 ||    89
       Tentacles         |    12 |    30 |    33 ||    75
       Punch             |     1 |     5 |     6 ||    12
       Kick              |       |    21 |    16 ||    37
 Cast: Beastly Appendage |       |    11 |     7 ||    18
  Use: Scroll            |     3 |       |     3 ||     6
 Stab: Sleeping          |    18 |    15 |     8 ||    41
       Distracted        |       |       |     1 ||     1
  Eat: Chunk             |     2 |     9 |     9 ||    20
Armor: Skin              |    13 |     7 |     5 ||    25
Dodge: Dodged            |    49 |    93 |    43 ||   185
Block: Buckler           |       |     7 |    15 ||    22
